 Dungeon Sprint DCSS version 0.17-b1-18-g553e9fc (webtiles) character file.

623 Iamburgie the Fighter (level 7, -4/79 HPs)
             Began as a Minotaur Monk on Nov 4, 2015.
             Was a Believer of Cheibriados.
             Shot with an arrow by a centaur warrior (8 damage)
             ... in the Dungeon (Sprint I: "Red Sonja").
             The game lasted 00:01:37 (810 turns).

Iamburgie the Fighter (Minotaur Monk)                Turns: 810, Time: 00:01:37

Health: -4/79      AC:  2    Str: 21    XL:     7   Next: 22%
Magic:  6/6        EV: 14    Int: 12    God:    Cheibriados [**....]
Gold:   405        SH:  0    Dex: 19    Spells: 0 memorised, 6 levels left

rFire  . . .     SeeInvis .       - Unarmed
rCold  . . .     Clarity  .     a - +0 robe
rNeg   . . .     SustAt   .     (no shield)
rPois  .         Gourm    .     (helmet restricted)
rElec  .         Spirit   .     (no cloak)
rCorr  .         Warding  .     (no gloves)
rMut   .         NoTele   +     (no boots)
MR     .....                    (no amulet)
Stlth  +.........               (no ring)
                                (no ring)

@: very slow, not resistant to hostile enchantments, very unstealthy
A: retaliatory headbutt, horns 2
a: Bend Time, Renounce Religion


You were in the Dungeon.
You worshipped Cheibriados.
Cheibriados was pleased with you.
You were not hungry.

You visited 1 branch You collected 405 gold pieces.

Inventory:

Armour
 a - a +0 robe (worn)
Wands
 i - a wand of flame (28)
Scrolls
 h - a scroll of blinking
 k - a scroll of enchant armour {unknown}
 m - 3 scrolls of magic mapping {unknown}
Potions
 c - a potion of curing
 d - a potion of heal wounds
 e - a potion of haste
 f - 2 potions of magic
 g - a potion of berserk rage
Books
 j - a book of Dreams

   Spells                             Type                      Level
   a - Ensorcelled Hibernation        Hexes/Ice                    2
   b - Phase Shift                    Translocation                5
   c - Shadow Creatures               Summoning                    5
   d - Silence                        Hexes/Air                    5
   e - Darkness                       Hexes                        6
   f - Mass Confusion                 Hexes                        6
Comestibles
 b - a bread ration
 l - 5 chunks of flesh


   Skills:
 + Level 13.2 Fighting
 - Level 3.2 Dodging
 - Level 1.5 Stealth
 + Level 12.6 Unarmed Combat


You had 6 spell levels left.
You didn't know any spells.

Dungeon Overview and Level Annotations

Branches:
Dungeon (1/1)

Altars:
Cheibriados
Dithmenos
Elyvilon
Fedhas
Gozag
Kikubaaqudgha
Makhleb
Nemelex Xobeh
Okawaru
Qazlal
Ru
Sif Muna
Trog
Vehumet
Xom
Yredelemnul
Zin
The Shining One
Jiyva

Shops:
D =


Innate Abilities, Weirdness & Mutations

You reflexively headbutt those who attack you in melee.
You have a pair of horns on your head.


Message History

The centaur warrior closely misses you.
You punch the centaur warrior!
The centaur warrior is moderately wounded.
The centaur warrior hits you. The centaur warrior barely misses you.
You barely miss the centaur warrior.
The centaur warrior is moderately wounded.
The centaur warrior barely misses you. You furiously retaliate!
You headbutt the centaur warrior. The centaur warrior hits you!
The centaur warrior hits you but does no damage.
The centaur warrior wields an uncursed longbow.
The centaur warrior shoots an arrow.
The arrow hits you. The centaur warrior hits you!
* * * LOW HITPOINT WARNING * * *
The centaur warrior hits you!
* * * LOW HITPOINT WARNING * * *
The centaur warrior shoots an arrow.
The arrow barely misses you.
You hear a splash.
The centaur warrior barely misses you.
The centaur warrior shoots an arrow.
The arrow hits you!
You die...

####################
.#..'..#..'..#__#..+
.').#.)').#..'..'..#
.#####'#####'#__####
.####..#...#.####§§#
.#__####..##.#§§§c§#
.#_..__##'#..'§§§c§+
⌠#_.∩..÷'..._#§§@§§#
##_..._##_.#'##+####
#_____###+#.#
####### ###


You could see 2 centaur warriors.

Vanquished Creatures
  A slime creature (D)
  Sigmund (D)
  A yak (D)
  An ogre (D)
  A jelly (D)
  Ijyb (D)
6 creatures vanquished.

Notes
Turn   | Place    | Note
--------------------------------------------------------------
     0 | D        | Iamburgie the Minotaur Monk began the quest for the Orb.
     0 | D        | Reached XP level 1. HP: 19/19 MP: 0/0
     2 | D        | Noticed Ijyb
    21 | D        | Killed Ijyb
    21 | D        | Reached skill level 6 in Fighting
    21 | D        | Reached XP level 2. HP: 6/30 MP: 1/1
   262 | D        | Noticed an ogre
   270 | D        | Killed an ogre
   270 | D        | Reached skill level 8 in Fighting
   270 | D        | Reached XP level 3. HP: 25/41 MP: 2/2
   270 | D        | Reached XP level 4. HP: 29/49 MP: 3/3
   405 | D        | Noticed Sigmund
   412 | D        | Killed Sigmund
   412 | D        | Reached skill level 11 in Fighting
   412 | D        | Reached skill level 10 in Unarmed Combat
   412 | D        | Reached XP level 5. HP: 31/60 MP: 4/4
   412 | D        | Reached XP level 6. HP: 35/68 MP: 5/5
   580 | D        | Found a snail-covered altar of Cheibriados.
   580 | D        | Found a viscous altar of Jiyva.
   580 | D        | Found a shadowy altar of Dithmenos.
   580 | D        | Found a blossoming altar of Fedhas.
   580 | D        | Noticed a slime creature
   587 | D        | Killed a slime creature
   587 | D        | Reached skill level 12 in Fighting
   590 | D        | Became a worshipper of Cheibriados the Contemplative
   590 | D        | Reached * piety under Cheibriados
   590 | D        | Reached ** piety under Cheibriados
   685 | D        | Found a deep blue altar of Sif Muna.
   686 | D        | Noticed a jelly
   687 | D        | Found a radiant altar of Vehumet.
   693 | D        | Killed a jelly
   723 | D        | Found Kuiwuh's Jewellery Emporium.
   723 | D        | Found a white marble altar of Elyvilon.
   723 | D        | Found a stormy altar of Qazlal.
   723 | D        | Found a burning altar of Makhleb.
   723 | D        | Found a sacrificial altar of Ru.
   723 | D        | Found a basalt altar of Yredelemnul.
   723 | D        | Found a glowing golden altar of the Shining One.
   723 | D        | Found a sparkling altar of Nemelex Xobeh.
   723 | D        | Found a shimmering altar of Xom.
   723 | D        | Found an opulent altar of Gozag.
   723 | D        | Found an ancient bone altar of Kikubaaqudgha.
   723 | D        | Found a glowing silver altar of Zin.
   723 | D        | Noticed a yak
   724 | D        | Found an iron altar of Okawaru.
   729 | D        | Killed a yak
   729 | D        | Reached skill level 13 in Fighting
   729 | D        | Reached XP level 7. HP: 72/79 MP: 6/6
   730 | D        | Found a bloodstained altar of Trog.
   747 | D        | Noticed a centaur warrior
   748 | D        | Noticed a centaur warrior
   810 | D        | Shot with an arrow by a centaur warrior

Action                   |  1- 3 |  4- 6 |  7- 9 || total
-------------------------+-------+-------+-------++-------
Melee: Unarmed           |    23 |    20 |     3 ||    46
 Stab: Sleeping          |       |     1 |       ||     1
